 Dungeon Crawl Stone Soup version 0.26.1-11-gd32895ea62 (webtiles) character file.

Game seed: 11329164223335300651

6360 metroholografix the Fighter (level 10, -9/74 HPs)
             Began as a Gargoyle Berserker on May 10, 2021.
             Was a High Priest of Trog.
             Mangled by a boulder beetle (22 damage)
             ... on level 9 of the Dungeon.
             The game lasted 00:28:15 (12504 turns).

metroholografix the Fighter (Gargoyle Berserker)   Turns: 12504, Time: 00:28:15

Health: -9/74      AC: 23    Str: 31    XL:     10   Next: 96%
Magic:  0/0        EV: 13    Int: 14    God:    Trog [*****.]
Gold:   499        SH:  0    Dex: 12    Spells: 9/9 levels left

rFire    x . .     SeeInvis +   M - +1 great mace (antimagic)
rCold    + . .     Faith    +   (shield currently unavailable)
rNeg     + . .     Spirit   .   y - +1 chain mail of Sunlight {rElec Will+ Str+2 Stlth+}
rPois    ∞         Reflect  .   (helmet restricted)
rElec    +         Harm     .   x - +0 cloak
rCorr    .         Rampage  .   w - +0 pair of gloves
Will     +....                  j - +0 pair of boots
Stlth    ..........             H - amulet "Kaum" {Faith rPois Slay+4}
HPRegen  0.22/turn              D - ring "Mement" {rElec EV+4 Int+3}
MPRegen  0.07/turn              I - ring "Kotefoar" {Ice MP-9 Str+8 Int+3 SInv}

@: berserk cooldown, slowed, very slow
A: beak, rugged brown scales 1, slimy green scales 1, negative energy resistance
1, electricity resistance, unbreathing, evolution 1, petrification resistance,
miasma immunity, AC +7
a: Renounce Religion, Berserk, Trog's Hand, Brothers in Arms


You were on level 9 of the Dungeon.
You worshipped Trog.
Trog was extremely pleased with you.
You visited 1 branch of the dungeon, and saw 9 of its levels.
You also visited: Ossuary.

You collected 499 gold pieces.

Inventory:

Hand Weapons
 c - a +0 morningstar
 F - a +4 flail of freezing
 M - a +1 antimagic great mace (weapon)
Armour
 b - a +0 plate armour
 j - a +0 pair of boots (worn)
 w - a +0 pair of gloves (worn)
 x - a +0 cloak (worn)
 y - the +1 chain mail of Sunlight (worn) {rElec Will+ Str+2 Stlth+}
   (You found it on level 5 of the Dungeon)

   It affects your strength (+2).
   It insulates you from electricity.
   It affects your willpower, your defense against some magical effects.
   It makes you more stealthy.
Jewellery
 D - the ring "Mement" (left hand) {rElec EV+4 Int+3}
   (You found it on level 7 of the Dungeon)

   [ring of evasion]

   It affects your evasion (+4).
   It affects your intelligence (+3).
   It insulates you from electricity.
 H - the amulet "Kaum" (around neck) {Faith rPois Slay+4}
   (You took it off an orc on level 7 of the Dungeon)

   [amulet of faith]

   It allows you to gain divine favour quickly.
   It affects your accuracy and damage with ranged weapons and melee attacks
   (+4).
   It protects you from poison.
 I - the ring "Kotefoar" (right hand) {Ice MP-9 Str+8 Int+3 SInv}
   (You found it on level 7 of the Dungeon)

   [ring of ice]

   It enhances your ice magic.
   It affects your strength (+8).
   It affects your intelligence (+3).
   It makes you vulnerable to fire.
   It protects you from cold.
   It affects your magic capacity (-9).
   It lets you see invisible.
 K - an uncursed amulet of reflection {unknown}
Wands
 a - a wand of disintegration (6)
 i - a wand of random effects (15)
 q - a wand of iceblast (18)
 t - a wand of enslavement (10)
 C - a wand of digging (5)
 J - a wand of acid (6)
 L - a wand of flame (23)
Scrolls
 d - 4 scrolls of fear
 f - 4 scrolls of enchant weapon
 g - 13 scrolls of teleportation
 h - a scroll of magic mapping
 k - 2 scrolls of fog
 l - 3 scrolls of immolation
 m - a scroll of enchant armour {unknown}
 u - 8 scrolls of remove curse
 A - 2 scrolls of blinking {unknown}
 B - a scroll of silence {unknown}
 N - a scroll of identify
Potions
 e - 3 potions of curing
 n - 2 potions of cancellation
 o - a potion of might {unknown}
 p - a potion of berserk rage {unknown}
 r - 2 potions of brilliance
 s - 2 potions of lignification {unknown}
 v - a potion of invisibility {unknown}
 z - 5 potions of heal wounds
 E - 2 potions of attraction {unknown}
 G - 3 potions of ambrosia {unknown}


   Skills:
 + Level 12.6 Fighting
 + Level 11.7 Maces & Flails
 - Level 2.1 Armour
 - Level 1.5 Dodging


You had 9 spell levels left.
You didn't know any spells.
Your spell library was empty.

Dungeon Overview and Level Annotations

Branches:
Dungeon (9/15)             Temple (0/1) D:6            Lair (0/6) D:8
Ossuary (visited)
    Orc: D:9-12

Altars:
Nemelex Xobeh


Innate Abilities, Weirdness & Mutations

You are resistant to torment.
Your stone body is resilient. (AC +7)
You are immune to poison.
You resist negative energy. (rN+)
You are resistant to electric shocks. (rElec)
You can survive without breathing.
You are immune to petrification.
You are immune to miasma.
You have a beak for a mouth.
You are partially covered in rugged brown scales. (AC +1, +3% HP)
You are partially covered in slimy green scales. (AC +2)
You evolve.


Message History

You sock the boulder beetle! Your peck misses the boulder beetle.
The boulder beetle is almost dead.
The boulder beetle leaps!
The boulder beetle curls into a ball and begins rolling!
The boulder beetle hits you!!
* * * LOW HITPOINT WARNING * * *
The boulder beetle stops rolling and uncurls.
The boulder beetle bites you.
* * * LOW HITPOINT WARNING * * *
The boulder beetle closely misses you.
A red film seems to cover your vision as you go berserk!
You feel yourself moving faster!
You feel mighty!
The boulder beetle leaps!
You feel a strong urge to attack something.
The boulder beetle curls into a ball and begins rolling!
You feel your anger nearly subside.
You are no longer berserk.
You are exhausted.
You feel yourself slow down.
You feel better. The boulder beetle hits you!!
You die...

###### .....# ##.....
#. # .## #.# # #.#
##. # #####.#####
...# #.
####.........# ####
##.###.○B@....###.# #
#.....○#####...##†###
# ###.....○#
#........# # #
..........#
#...##.#.# ...
.###.###..#
#..###.#.# .#. #
#..#####...##.#.# .#
#........#.##.#.#
#B###..###.##.#.# #○#
#..###.##...#


You could see a boulder beetle.

Vanquished Creatures
  2 two-headed ogres
  Eustachio (D:6)
  A wyvern (D:7)
  2 wraiths (Ossuary)
  A vampire mosquito (D:7)
  2 orc warriors
  3 ice beasts
  8 ogres
  3 sky beasts
  A centaur (D:9)
  5 bullfrogs
  Blork the orc (D:6)
  2 scorpions
  14 wights
  11 killer bees (D:9)
  3 howler monkeys
  A bullfrog zombie (D:8)
  5 hounds
  A quasit (D:7)
  7 orc priests
  2 jellies
  2 iguanas (D:5)
  3 bullfrog skeletons
  4 orc wizards
  6 worker ants
  Ijyb (D:4)
  A hound skeleton (D:4)
  2 worker ant zombies (D:7)
  4 gnolls (D:7)
  13 adders
  3 shadow imps
  5 white imps
  2 oozes (D:3)
  2 adder skeletons
  A worm (D:5)
  A dart slug (D:2)
  2 leopard geckos
  10 orcs
  6 bats
  6 giant cockroaches
  11 goblins
  3 hobgoblins
  7 jackals
  10 kobolds
  3 quokkas
  A ball python (D:3)
  9 frilled lizards
  2 goblin zombies (D:8)
  3 hobgoblin skeletons (Ossuary)
  A kobold zombie (Ossuary)
  A leopard gecko skeleton (D:5)
  2 orc zombies (Ossuary)
  A quokka skeleton (D:7)
  A quokka zombie (D:7)
  9 rats
214 creatures vanquished.

Notes
Turn   | Place    | Note
-------+----------+-------------------------------------------
     0 | D:1      | metroholografix the Gargoyle Berserker began the quest for
                  | the Orb.
     0 | D:1      | Reached XP level 1. HP: 14/14 MP: 1/1
   402 | D:1      | Reached XP level 2. HP: 19/19 MP: 2/2
   537 | D:1      | Found a sparkling altar of Nemelex Xobeh.
   957 | D:2      | Reached XP level 3. HP: 24/24 MP: 3/3
   972 | D:2      | Reached skill level 4 in Fighting
  1118 | D:2      | Reached ** piety under Trog
  2221 | D:3      | Reached XP level 4. HP: 30/30 MP: 4/4
  2847 | D:4      | Reached XP level 5. HP: 29/34 MP: 5/5
  3148 | D:4      | Reached skill level 5 in Fighting
  3149 | D:4      | You fall into a shaft and drop 2 floors!
  3149 | D:6      | Found a staircase to the Ecumenical Temple.
  3149 | D:6      | Noticed an ogre
  3346 | D:7      | Reached *** piety under Trog
  3347 | D:7      | Noticed an ice beast
  3358 | D:7      | Reached skill level 5 in Maces & Flails
  3366 | D:7      | Killed an ice beast
  3367 | D:7      | Reached XP level 6. HP: 35/41 MP: 6/6
  3373 | D:7      | Reached skill level 6 in Fighting
  3595 | D:6      | Noticed Blork the orc
  3600 | D:6      | Killed Blork the orc
  3601 | D:6      | Reached XP level 7. HP: 47/47 MP: 7/7
  3855 | D:5      | Entered Level 5 of the Dungeon
  3908 | D:5      | Got a twisted chain mail
  4224 | D:4      | Identified the cursed +1 chain mail of Sunlight {rElec
                  | Will+ Str+2 Stlth+} (You found it on level 5 of the
                  | Dungeon)
  4469 | D:4      | Noticed Ijyb
  4478 | D:4      | Killed Ijyb
  5076 | D:5      | Reached skill level 7 in Fighting
  5852 | D:5      | Reached XP level 8. HP: 54/54 MP: 8/8
  6742 | D:6      | Reached skill level 8 in Fighting
  7472 | D:6      | Noticed Eustachio
  7739 | D:7      | Noticed a wyvern
  7746 | D:7      | Killed a wyvern
  7879 | D:6      | Killed Eustachio
  7880 | D:6      | Reached skill level 9 in Fighting
  7969 | D:6      | Reached XP level 9. HP: 58/60 MP: 9/9
  8705 | D:7      | Reached skill level 10 in Fighting
  9081 | D:7      | Identified the amulet "Kaum" {Faith rPois Slay+4}
  9086 | D:7      | Got a wavering wooden ring
  9089 | D:7      | Identified the ring "Ruphaz" {Will++ rCorr Dex+2}
  9111 | D:7      | Reached **** piety under Trog
  9115 | D:7      | Identified the ring "Mement" {rElec EV+4 Int+3} (You found
                  | it on level 7 of the Dungeon)
  9133 | D:7      | Got a slimy wooden ring
  9748 | D:7      | Reached skill level 10 in Maces & Flails
  9897 | D:7      | Identified the ring "Kotefoar" {Ice MP-9 Str+8 Int+3 SInv}
                  | (You found it on level 7 of the Dungeon)
  9914 | D:7      | Gained mutation: You do not regenerate when monsters are
                  | visible. [potion of mutation]
  9914 | D:7      | Gained mutation: You have a pair of small horns on your
                  | head. [potion of mutation]
  9914 | D:7      | Gained mutation: Your body sometimes deteriorates upon
                  | taking damage. [potion of mutation]
  9914 | D:7      | Gained mutation: You are partially covered in iridescent
                  | scales. (AC +2) [potion of mutation]
  9915 | D:7      | Lost mutation: You have a pair of small horns on your head.
                  | [potion of mutation]
  9915 | D:7      | Lost mutation: You are partially covered in iridescent
                  | scales. (AC +2) [potion of mutation]
  9915 | D:7      | Gained mutation: You expend magic power (3 MP) to
                  | strengthen your wands. [potion of mutation]
  9915 | D:7      | Gained mutation: You are frail. (-10% HP) [potion of
                  | mutation]
  9915 | D:7      | Gained mutation: You are somewhat resistant to further
                  | mutation. [potion of mutation]
  9916 | D:7      | Lost mutation: You are frail. (-10% HP) [potion of
                  | mutation]
  9916 | D:7      | Lost mutation: Your body sometimes deteriorates upon taking
                  | damage. [potion of mutation]
  9916 | D:7      | Lost mutation: You are somewhat resistant to further
                  | mutation. [potion of mutation]
  9916 | D:7      | Gained mutation: You have a beak for a mouth. [potion of
                  | mutation]
  9916 | D:7      | Gained mutation: Your spells are a little easier to cast,
                  | but a little less powerful. [potion of mutation]
  9916 | D:7      | Gained mutation: You have sharp toenails. [potion of
                  | mutation]
  9917 | D:7      | Lost mutation: You have sharp toenails. [potion of
                  | mutation]
  9917 | D:7      | Lost mutation: You expend magic power (3 MP) to strengthen
                  | your wands. [potion of mutation]
  9917 | D:7      | Lost mutation: Your spells are a little easier to cast, but
                  | a little less powerful. [potion of mutation]
  9917 | D:7      | Lost mutation: You do not regenerate when monsters are
                  | visible. [potion of mutation]
  9917 | D:7      | Gained mutation: You evolve. [potion of mutation]
  9917 | D:7      | Gained mutation: You are partially covered in rugged brown
                  | scales. (AC +1, +3% HP) [potion of mutation]
  9917 | D:7      | Gained mutation: You are partially covered in slimy green
                  | scales. (AC +2) [potion of mutation]
 10205 | D:8      | Noticed a two-headed ogre
 10210 | D:8      | Killed a two-headed ogre
 10211 | D:8      | Reached skill level 11 in Fighting
 10211 | D:8      | Reached XP level 10. HP: 72/72 MP: 1/10
 10283 | D:8      | Found a staircase to the Lair.
 10317 | D:8      | Found a sand-covered staircase.
 10334 | Ossuary  | Entered an ossuary
 11653 | D:9      | Reached ***** piety under Trog
 11669 | D:9      | Reached skill level 12 in Fighting
 11997 | D:9      | Noticed a two-headed ogre
 12011 | D:9      | Killed a two-headed ogre
 12199 | D:9      | Received a gift from Trog
 12465 | D:9      | Noticed a boulder beetle
 12495 | D:9      | HP: 3/74 [boulder beetle (4)]
 12504 | D:9      | Mangled by a boulder beetle

Illustrated notes

Levels and vault maps discovered:
D:1:      sevenhm_arrival_forest_fort_small_4, layout_basic,
          hangedman_feature_mirror, kennysheep_minor_cross,
          nemelex_xobeh_ov_fountains_minmay
D:2:      layout_basic, minmay_tromino_v4_b
D:3:      layout_basic
D:4:      layout_rooms, uniq_ijyb
D:5:      layout_layer_cave
D:6:      layout_basic, minmay_temple_entry_mist, kennysheep_generic_room_7,
          uniq_blork_the_orc, uniq_duvessa, uniq_eustachio
D:7:      minmay_the_grid_triangle_9x9_recursive_2
          [minmay_the_grid_triangle_9x9_prize_special,
          minmay_the_grid_triangle_9x9_alien,
          minmay_the_grid_triangle_9x9_thin_v,
          minmay_the_grid_triangle_9x9_stretched_checkered], layout_layer_cave
D:8:      layout_basic, lair_entry_dummy, enter_ossuary_4
D:9:      layout_loops_ring, lightli_temple_of_fire, biasface_ghost_orc_armoury

Skill      XL: |  1  2  3  4  5  6  7  8  9 10 |
---------------+-------------------------------+-----
Fighting       | 4 5 6 7 9 11 12 | 12.6
Maces & Flails | 4 5 7 8 10 11 | 11.7
Armour         | |  2.1
Dodging        | |  1.5

Action                   |  1- 3 |  4- 6 |  7- 9 | 10-12 || total
-------------------------+-------+-------+-------+-------++-------
Melee: Mace              |   156 |   133 |    50 |       ||   339
       Whip              |       |       |   125 |       ||   125
       Unarmed           |       |       |     8 |       ||     8
       Flail             |       |       |   123 |   112 ||   235
       Peck              |       |       |     3 |    20 ||    23
       Great mace        |       |       |       |    20 ||    20
Invok: Berserk           |     1 |     3 |    11 |     3 ||    18
       Trog's Hand       |       |       |     4 |     1 ||     5
  Use: Scroll            |     9 |       |     7 |     2 ||    18
       Potion            |       |       |     4 |     1 ||     5
Armor: Troll leather arm |    60 |       |       |       ||    60
       Plate armour      |    90 |   233 |    41 |       ||   364
       Chain mail        |       |       |   170 |    72 ||   242
Dodge: Dodged            |   121 |   106 |   138 |    96 ||   461
